 Dungeon Crawl Stone Soup version 0.24-a0-521-g122614bf49 (webtiles) character file.

Game seed: 6287519348964479554

1289 Froggeryz the Cleaver (level 8, -10/68 HPs)
             Began as a Minotaur Berserker on July 28, 2019.
             Was an Elder of Trog.
             Killed from afar by Dowan (19 damage)
             ... with a shard of ice
             ... on level 6 of the Dungeon.
             The game lasted 00:08:34 (5288 turns).

Froggeryz the Cleaver (Minotaur Berserker)          Turns: 5288, Time: 00:08:35

Health: -10/68     AC:  4    Str: 23    XL:     8   Next: 30%
Magic:  7/7        EV: 12    Int:  4    God:    Trog [****..]
Gold:   276        SH:  0    Dex: 14    Spells: 7/7 levels left

rFire    . . .     SeeInvis +   a - +1 hand axe
rCold    . . .     Gourm    .   (no shield)
rNeg     . . .     Faith    .   d - +0 robe
rPois    .         Spirit   .   (helmet restricted)
rElec    .         Reflect  .   e - +0 cloak
rCorr    .         Harm     .   (no gloves)
MR       .....                  l - +0 pair of boots {Fly}
Stlth    +.........             (no amulet)
HPRegen  0.21/turn              f - ring of see invisible
MPRegen  0.10/turn              r - +3 ring of dexterity

@: berserk cooldown, flying, very slightly contaminated, slowed, very slow
A: retaliatory headbutt, horns 2
a: Berserk, Trog's Hand, Brothers in Arms, Renounce Religion, Stop Flying


You were on level 6 of the Dungeon.
You worshipped Trog.
Trog was greatly pleased with you.
You were near starving.

You visited 1 branch of the dungeon, and saw 6 of its levels.

You collected 276 gold pieces.

Inventory:

Hand Weapons
 a - a +1 hand axe (weapon)
Missiles
 p - 3 poisoned darts (quivered)
Armour
 d - a +0 robe (worn)
 e - a +0 cloak (worn)
 l - a +0 pair of boots of flying (worn)
Jewellery
 f - a ring of see invisible (left hand)
 r - a +3 ring of dexterity (right hand)
Wands
 o - a wand of iceblast (8)
 s - a wand of acid (5)
Scrolls
 h - 2 scrolls of remove curse
 j - a scroll of fog
 m - 4 scrolls of identify
 q - 2 scrolls of enchant weapon
 x - a scroll of random uselessness {unknown}
Potions
 b - 3 potions of curing
 i - 4 potions of heal wounds {unknown}
 k - a potion of might {unknown}
 n - a potion of resistance {unknown}
 t - 2 potions of haste {unknown}
 u - a potion of berserk rage {unknown}
 v - 2 potions of ambrosia {unknown}
Comestibles
 c - 8 rations
 w - a chunk of flesh


   Skills:
 - Level 5.1 Fighting
 * Level 11.8 Axes
 - Level 2.4 Armour
 - Level 2.1 Dodging


You had 7 spell levels left.
You didn't know any spells.
Your spell library was empty.

Dungeon Overview and Level Annotations

Branches:
Dungeon (6/15)             Temple (0/1) D:5

Altars:
Hepliaklqana
Qazlal
Ru

Annotations:
D:6 Dowan


Innate Abilities, Weirdness & Mutations

You reflexively headbutt those who attack you in melee.
You have a pair of horns on your head.


Message History

You kill Duvessa!
Trog accepts your kill.
Dowan screams, "No!
No!"
Dowan seems to find hidden reserves of power!
Dowan casts a spell at you. The shard of ice hits you!
Dowan gestures at you while chanting. The shard of ice hits you!!
* * * LOW HITPOINT WARNING * * *
Unknown command.
Blink to where?
Press: ? - help, Dir - move target cursor You are very lightly contaminated with residual magic.
As you read the scroll of blinking, it crumbles to dust.
Blink to where?
Press: ? - help, Dir - move target cursor
As you read the scroll of blinking, it crumbles to dust.
Dowan casts a spell at you. The shard of ice hits you!!
You die...

#.......)...)................
#.......#)####..###....>..)..
#.......#.#.......#####...###
#.......#.......#.# #...#
###########.##.##ยง# #...#
#....##.#####...#
#.#####........##
#.#####e.##########
#.@......### #..
########..........######.#
.........##.##..#.........
########.##.##..#..#.###.#
#.##.........)###.#
#.##.##........##..
#.......##..##.##.#
#.##........##.##.#
#.##.#.####.......#


You could see Dowan.

Vanquished Creatures
  Duvessa (D:6)
  An orc warrior (D:6)
  An ice beast (D:5)
  A phantom (D:5)
  A scorpion (D:5)
  A bullfrog zombie (D:5)
  2 crimson imps (D:5)
  3 hounds
  A gnoll shaman (D:5)
  An orc priest (D:3)
  4 orc wizards
  A bullfrog skeleton (D:5)
  Jessica (D:3)
  Ijyb (D:4)
  2 iguanas
  2 worker ants
  A worker ant zombie (D:5)
  12 gnolls
  7 adders
  An ooze (D:5)
  6 worms
  3 dart slugs
  3 leopard geckos
  16 orcs
  A giant cockroach (D:2)
  7 goblins
  9 hobgoblins
  6 jackals
  4 quokkas
  6 bats
  8 frilled lizards
  13 kobolds
  A quokka skeleton (D:4)
  6 rats
134 creatures vanquished.

Notes
Turn   | Place    | Note
-------+----------+-------------------------------------------
     0 | D:1      | Froggeryz the Minotaur Berserker began the quest for the
                  | Orb.
     0 | D:1      | Reached XP level 1. HP: 19/19 MP: 0/0
   396 | D:1      | Reached skill level 4 in Axes
   430 | D:1      | Reached XP level 2. HP: 25/27 MP: 1/1
   917 | D:2      | Reached ** piety under Trog
   917 | D:2      | Reached XP level 3. HP: 31/33 MP: 2/2
  1052 | D:2      | Reached skill level 5 in Axes
  1606 | D:2      | Reached XP level 4. HP: 41/41 MP: 3/3
  2265 | D:3      | Noticed Jessica
  2273 | D:3      | Killed Jessica
  2567 | D:3      | Found a hazy altar of Hepliaklqana.
  2624 | D:3      | Reached skill level 6 in Axes
  2639 | D:3      | Reached skill level 5 in Fighting
  2639 | D:3      | Reached XP level 5. HP: 38/48 MP: 4/4
  2652 | D:3      | Reached *** piety under Trog
  2672 | D:3      | Found a sacrificial altar of Ru.
  2863 | D:4      | Reached skill level 7 in Axes
  3033 | D:4      | Reached XP level 6. HP: 56/56 MP: 5/5
  3409 | D:4      | Noticed Ijyb
  3413 | D:4      | Killed Ijyb
  3413 | D:4      | Reached skill level 8 in Axes
  3669 | D:5      | Entered Level 5 of the Dungeon
  3770 | D:5      | Found a staircase to the Ecumenical Temple.
  3830 | D:5      | Reached XP level 7. HP: 61/61 MP: 6/6
  3833 | D:5      | Reached skill level 9 in Axes
  4245 | D:5      | Found a stormy altar of Qazlal.
  4328 | D:5      | Reached skill level 10 in Axes
  4863 | D:6      | Reached XP level 8. HP: 62/68 MP: 7/7
  4869 | D:6      | Reached skill level 11 in Axes
  4998 | D:6      | Reached **** piety under Trog
  5257 | D:6      | Noticed Duvessa
  5257 | D:6      | Noticed Dowan
  5281 | D:6      | Killed Duvessa
  5288 | D:6      | Killed from afar by Dowan

Levels and vault maps discovered:
D:1:      dpeg_arrival_arbitrary_b, layout_loops_ring
D:2:      layout_basic
D:3:      layout_loops_cross, lemuel_coloured_pillars_altar, lemuel_round_altar,
          first_ration, uniq_jessica
D:4:      layout_basic, uniq_ijyb
D:5:      layout_basic, lemuel_round_altar, temple_green,
          kennysheep_generic_room_16
D:6:      layout_loops_cross, uniq_duvessa

Skill      XL: |  1  2  3  4  5  6  7  8 |
---------------+-------------------------+-----
Axes           | 4 5 6 7 8 10 11 | 11.8
Fighting       | 4 5 |  5.1
Armour         | |  2.4
Dodging        | |  2.1

Action                   |  1- 3 |  4- 6 |  7- 9 || total
-------------------------+-------+-------+-------++-------
Melee: Hand axe          |   109 |   151 |    92 ||   352
       Headbutt          |    12 |    27 |    22 ||    61
Throw: Dart              |       |       |     3 ||     3
Invok: Berserk           |       |     4 |     2 ||     6
       Trog's Hand       |       |       |     1 ||     1
Evoke: Wand              |       |       |     2 ||     2
  Use: Scroll            |       |    10 |     2 ||    12
 Stab: Sleeping          |     1 |     2 |       ||     3
  Eat: Chunk             |     2 |     7 |     6 ||    15
       Ration            |       |     1 |       ||     1
Armor: Robe              |    22 |    21 |    10 ||    53
Dodge: Dodged            |    62 |    76 |    35 ||   173

Table legend:
 A = Non-vault XP
 B = Vault XP
 C = Vault XP percentage of total XP
 D = Non-vault monster count
 E = Vault monster count
 F = Vault count percentage of total count
                 A         B        C        D         E       F
            +---------+---------+-------+---------+---------+-------
      Total |    1605 |     237 |  12.9 |     130 |       4 |   3.0
            +---------+---------+-------+---------+---------+-------
        D:1 |      40 |       0 |   0.0 |      23 |       0 |   0.0
        D:2 |      90 |       0 |   0.0 |      31 |       0 |   0.0
        D:3 |      86 |      37 |  30.1 |      17 |       1 |   5.6
        D:4 |     266 |      36 |  11.9 |      17 |       1 |   5.6
        D:5 |     840 |       7 |   0.8 |      29 |       1 |   3.3
        D:6 |     283 |     157 |  35.7 |      13 |       1 |   7.1
            +---------+---------+-------+---------+---------+-------
